 Dungeon Crawl Stone Soup version 0.29.1-2-gbd0b4ee654 (webtiles) character file.

Game seed: 17112350935949847628

85 safid the Shooter (level 4, 0/40 HPs)
             Began as a Minotaur Hunter on Nov 30, 2022.
             Slain by Grinder (9 damage)
             ... on level 3 of the Dungeon.
             The game lasted 00:01:50 (2455 turns).

safid the Shooter (Minotaur Hunter)                 Turns: 2455, Time: 00:01:51

Health: 0/40       AC:  5    Str: 16    XL:     4   Next: 25%
Magic:  3/3        EV: 12    Int:  6    God:
Gold:   176        SH:  0    Dex: 15    Spells: 3/3 levels left

rFire   . . .      SeeInvis .   a - +0 shortbow
rCold   . . .      Faith    .   (shield currently unavailable)
rNeg    . . .      Spirit   .   c - +0 leather armour
rPois   .          Reflect  .   (helmet restricted)
rElec   .          Harm     .   (no cloak)
rCorr   .          Rampage  .   k - +1 pair of gloves
Will    .....                   (no boots)
Stlth   +.........              (no amulet)
HPRegen 0.13/turn               (no ring)
MPRegen 0.08/turn               (no ring)

@: no status effects
A: horns 2, retaliatory headbutt
a: no special abilities


You were on level 3 of the Dungeon.
You visited 1 branch of the dungeon, and saw 3 of its levels.

You collected 176 gold pieces.

Inventory:

Hand Weapons
 a - a +0 shortbow (weapon)
Armour
 c - a +0 leather armour (worn)
 k - a +1 pair of gloves (worn)
Wands
 m - a wand of flame (14)
Scrolls
 b - a scroll of immolation
 d - 5 scrolls of identify {unknown}
 e - a scroll of enchant armour {unknown}
 f - 3 scrolls of enchant weapon {unknown}
 g - a scroll of brand weapon {unknown}
 i - 2 scrolls of teleportation {unknown}
 l - a scroll of noise {unknown}
 n - a scroll of summoning {unknown}
 q - a scroll of vulnerability {unknown}
Potions
 h - 2 potions of curing {unknown}
 j - 2 potions of heal wounds {unknown}
 o - a potion of might {unknown}
 p - a potion of berserk rage {unknown}
 r - a potion of flight {unknown}
 s - a potion of mutation {unknown}


   Skills:
 + Level 4.2 Fighting
 + Level 5.4 Ranged Weapons
 - Level 2.1 Dodging
 - Level 0.7 Stealth


You had 3 spell levels left.
You didn't know any spells.
Your spell library contained the following spells:

 Spells                   Type           Power      Damage    Failure   Level
 Beastly Appendage        Tmut           0%         N/A       52%         1
 Wereblood                Tmut           0%         N/A       67%         2
 Spider Form              Tmut/Pois      0%         N/A       88%         3


Dungeon Overview and Level Annotations

Branches:
Dungeon (3/15)

Altars:
Zin

Annotations:
D:3 Grinder


Innate Abilities, Weirdness & Mutations

You have a pair of horns on your head.
You reflexively headbutt those who attack you in melee.


Message History

You are too injured to fight recklessly!
You are too injured to fight recklessly!
You are too injured to fight recklessly!
You are too injured to fight recklessly!
You are too injured to fight recklessly!
You are too injured to fight recklessly!
You are too injured to fight recklessly!
You are too injured to fight recklessly!
You are too injured to fight recklessly!
You are too injured to fight recklessly!
You are too injured to fight recklessly!
You are too injured to fight recklessly!
You are too injured to fight recklessly!
You are too injured to fight recklessly!
Unknown command.
Fire: a) +0 shortbow
Press: ? - help, Q - select action, (/) - cycle Shift-Dir - straight line, f/p - Grinder
Aim: Grinder (severely wounded, 60% to hit)
You shoot an arrow. The arrow completely misses Grinder.
Grinder hits you.
You writhe in agony.
* * * LOW HITPOINT WARNING * * *
Fire: a) +0 shortbow
Press: ? - help, Q - select action, (/) - cycle Shift-Dir - straight line, f/p - Grinder
Aim: Grinder (severely wounded, 60% to hit)
You shoot an arrow. The arrow closely misses Grinder.
Grinder says, "Are you a fish?" Grinder gestures at you.
You suddenly lose the ability to move!
Grinder hits you.
* * * LOW HITPOINT WARNING * * *
Grinder hits you but does no damage.
You can move again.
Unknown command.
Fire: a) +0 shortbow
Press: ? - help, Q - select action, (/) - cycle Shift-Dir - straight line, f/p - Grinder
Aim: Grinder (severely wounded, 60% to hit)
You shoot an arrow. The arrow hits Grinder!
Grinder is almost dead.
Grinder hits you!
You die...

###...######.########.....
###)## ##.## ##..### #.#.#
#...# ... ###...# #...#
.##. ......# #...# .# .#
.#..#.# #...#
.#..#.######...#########
......#.................
...............5@.......
......#.......[.....#...
......######...####.#
#..#### ##...## # ...#
#.....# #..# #.....# #..#
#.....########.# #..#
#.#.......... .# ...#
#.###.###.#.# ..


You could see Grinder.

Vanquished Creatures
  Jessica (D:2)
  2 worms (D:2)
  3 dart slugs
  4 orcs (D:3)
  6 endoplasms
  5 giant cockroaches (D:2)
  3 goblins
  A hobgoblin (D:1)
  A quokka (D:2)
  4 ball pythons
  3 bats
  A frilled lizard (D:1)
  5 kobolds
  A rat (D:2)
40 creatures vanquished.

Notes
Turn   | Place    | Note
-------+----------+-------------------------------------------
     0 | D:1      | safid the Minotaur Hunter began the quest for the Orb.
     0 | D:1      | Reached XP level 1. HP: 18/18 MP: 0/0
   387 | D:1      | Reached XP level 2. HP: 25/25 MP: 1/1
   757 | D:1      | Found a faded altar of an unknown god.
  1366 | D:2      | Reached skill level 5 in Ranged Weapons
  1406 | D:2      | Reached XP level 3. HP: 31/31 MP: 2/2
  1612 | D:2      | Noticed Jessica
  1615 | D:2      | Killed Jessica
  1799 | D:3      | Reached XP level 4. HP: 40/40 MP: 3/3
  2233 | D:3      | Found a glowing silver altar of Zin.
  2436 | D:3      | Noticed Grinder
  2437 | D:3      | Paralysed by Grinder for 2 turns
  2452 | D:3      | Paralysed by Grinder for 3 turns
  2455 | D:3      | Slain by Grinder

Illustrated notes

Levels and vault maps discovered:
D:1:      dpeg_arrival_another_circle, layout_loops_corners,
          hellmonk_ecumenical_altar_leap_of_faith, minmay_box_of_dots
D:2:      wander_river, layout_rooms, minmay_worlds_worst_comb, uniq_jessica
D:3:      layout_loops_cross, zin_scriptorium, grunt_ministairs_13, uniq_grinder

Skill      XL: |  1  2  3 |
---------------+----------+-----
Fighting       | 3 4 |  4.2
Ranged Weapons | 5 |  5.4
Dodging        | |  2.1
Stealth        | |  0.7

Action                   |  1- 3 |  4- 6 || total
-------------------------+-------+-------++-------
 Fire: Shortbow          |    80 |    51 ||   131
Armor: Leather armour    |     8 |     5 ||    13
Dodge: Dodged            |    21 |    17 ||    38
